 Dungeon Crawl Stone Soup version 0.22-a0-32-ga749362 (webtiles) character file.

1544 Lanoc the Geomancer (level 8, -1/41 HPs)
             Began as a Gargoyle Earth Elementalist on Jan 3, 2018.
             Was a Believer of Ashenzari.
             Slain by braks's ghost (21 damage)
             ... on level 6 of the Dungeon.
             The game lasted 00:24:04 (7025 turns).

Lanoc the Geomancer (Gargoyle Earth Elementalist)   Turns: 7025, Time: 00:24:10

Health: -1/41      AC:  9    Str: 12    XL:     8   Next: 87%
Magic:  10/15      EV: 14    Int: 18    God:    Ashenzari [**....]
Gold:   39         SH:  0    Dex: 13    Spells: 11/17 levels left

rFire    + + .     SeeInvis .   c - +4 quarterstaff "Suoviergh" {pain, Dex+3} (curse)
rCold    + . .     Gourm    .   (shield currently unavailable)
rNeg     + . .     Faith    .   n - +1 robe "Rubewn" {+Blink rF+} (curse)
rPois    ∞         Spirit   .   i - +0 helmet
rElec    +         Reflect  .   m - scarf {rC+ rF+}
rCorr    .         Harm     .   (no gloves)
MR       .....                  (no boots)
Stlth    ++........             (no amulet)
HPRegen  0.13/turn              (no ring)
MPRegen  0.14/turn              (no ring)

@: no status effects
A: negative energy resistance 1, electricity resistance, unbreathing,
petrification resistance, rot immunity, AC +5
a: Curse Item, Scrying, Renounce Religion, Evoke Blink


You were on level 6 of the Dungeon.
You worshipped Ashenzari.
Ashenzari was pleased with you.
You were not hungry.

You visited 2 branches of the dungeon, and saw 7 of its levels.
You also visited: Sewer.

You collected 371 gold pieces.
You spent 332 gold pieces at shops.

Inventory:

Hand Weapons
 c - the cursed +4 quarterstaff "Suoviergh" (weapon) {pain, Dex+3}
   (You bought it in a shop on level 6 of the Dungeon)

   In the hands of one skilled in necromantic magic, it inflicts extra damage on
   living creatures.
   It affects your dexterity (+3).
   It has a curse placed upon it.
Missiles
 b - 25 stones (quivered)
Armour
 i - a +0 helmet (worn)
 m - a scarf of resistance (worn)
 n - the cursed +1 robe "Rubewn" (worn) {+Blink rF+}
   (You bought it in a shop on level 6 of the Dungeon)

   It protects you from fire.
   It lets you blink.
   It has a curse placed upon it.
Jewellery
 z - an uncursed ring of ice
Wands
 f - a wand of flame (14)
Scrolls
 a - a scroll of remove curse
 h - 5 scrolls of fear
 u - a scroll of enchant armour
 v - 3 scrolls of teleportation
 w - 3 scrolls of blinking
 y - a scroll of fog {unknown}
Potions
 g - 3 potions of lignification
 j - 2 potions of magic
 k - 2 potions of might
 o - 2 potions of resistance
 p - 2 potions of agility
 s - 3 potions of curing
 x - 2 potions of ambrosia
 A - a potion of invisibility
 B - 3 potions of heal wounds {unknown}
Books
 e - a book of Geomancy

   Spells                             Type                      Level
   a - Sandblast                      Earth                        1
   b - Passwall                       Transmutation/Earth          2
   c - Stone Arrow                    Conjuration/Earth            3
   d - Petrify                        Transmutation/Earth          4
   e - Lee's Rapid Deconstruction     Earth                        5
Comestibles
 d - 6 rations
 l - 3 chunks of flesh


   Skills:
 + Level 0.0(0.4) Staves
 + Level 4.7 Dodging
 - Level 2.1 Stealth
 + Level 5.2 Spellcasting
 - Level 0.7 Transmutations
 * Level 9.8 Earth Magic


You had 11 spell levels left.
You knew the following spells:

 Your Spells              Type           Power        Failure   Level  Hunger
a - Sandblast             Erth           #####.       1%          1    None
b - Passwall              Tmut/Erth      ###.......   2%          2    #......
c - Stone Arrow           Conj/Erth      ###...       4%          3    ##.....


Dungeon Overview and Level Annotations

Branches:
Dungeon (6/15)             Temple (1/1) D:6

Altars:
Ashenzari
Dithmenos
Elyvilon
Gozag
Hepliaklqana
Kikubaaqudgha
Makhleb
Nemelex Xobeh
Okawaru
Qazlal
Ru
Sif Muna
Trog
Uskayaw
Vehumet
Wu Jian
Xom
Yredelemnul
Zin
The Shining One

Shops:
D:5 !   D:6 ([}[

Annotations:
D:2 Grinder
D:6 braks's ghost, novice TrWz


Innate Abilities, Weirdness & Mutations

You are resistant to torment.
Your stone body is resilient. (AC +5)
You are immune to poison.
You resist negative energy. (rN+)
You are resistant to electric shocks. (rElec)
You can survive without breathing.
You are immune to petrification.
You are immune to rotting.


Message History

b - 26 stones
Casting: Sandblast
Confirm with . or Enter, or press ? or * to list all spells.
Aiming: Sandblast
Press: ? - help, Shift-Dir - straight line, f/p - braks's ghost
Aim: braks's ghost (moderately damaged)
The blast of sand hits braks's ghost.
Braks's ghost is moderately damaged.
b - 25 stones You sock braks's ghost!
Braks's ghost is moderately damaged.
Braks's ghost barely misses you.
You hit braks's ghost.
Braks's ghost is heavily damaged.
Braks's ghost hits you!!
Ouch! That really hurt!
Braks's ghost whispers, "They're coming for you..."
Braks's ghost hits you!!
Ouch! That really hurt!
You die...

....P......#, * ...P∩P.###.#.#
* ##.)PP.# #.#.# ### *
.......# #.#.# ##.## ,* *
##..##.###.#.####...## **
##......>.......÷#..# ,
#######...####..#..##########.
###.......W##.##...........
#.......###@###..##.######.
#.##8.#.# ##.#.#.##.#
#.##.##.# ##.##.##.# *,
#.8.∩.8.# #.##.##.#######.
####.##.# #.##.##.........
#8##.# #.#...#.######## #.##.#
#.......# #....#######...###
####..........##


You could see braks's ghost.

Vanquished Creatures
  Edmund (D:6)
  Menkaure (D:5)
  4 big kobolds (Sewer)
  2 bullfrogs (D:6)
  A scorpion (D:6)
  4 electric eels (D:3)
  A howler monkey (D:5)
  3 crimson imps
  A bullfrog zombie (D:5)
  A hound (D:5)
  A jelly (D:6)
  2 centaur skeletons
  5 orc priests
  An orc wizard (D:4)
  A bullfrog skeleton (D:5)
  An iguana (D:4)
  A worker ant (D:6)
  5 adders
  2 oozes
  An adder skeleton (D:5)
  8 worms
  3 dart slugs
  A leopard gecko (D:6)
  9 orcs
  6 ball pythons
  8 giant cockroaches
  8 goblins
  7 hobgoblins
  3 jackals
  A quokka (D:3)
  3 bats
  2 frilled lizards
  12 kobolds
  13 rats
123 creatures vanquished.

Vanquished Creatures (others)
  A plant (D:3)
1 creature vanquished.

Grand Total: 124 creatures vanquished

Notes
Turn   | Place    | Note
-------+----------+-------------------------------------------
     0 | D:1      | Lanoc the Gargoyle Earth Elementalist began the quest for the Orb.
     0 | D:1      | Reached XP level 1. HP: 10/10 MP: 3/3
   194 | D:1      | Reached XP level 2. HP: 15/15 MP: 3/5
   248 | D:1      | Reached skill level 4 in Earth Magic
   382 | D:1      | Learned a level 2 spell: Passwall
   890 | D:2      | Found a sacrificial altar of Ru.
   895 | D:2      | Found a faded altar of an unknown god.
   898 | D:2      | Reached XP level 3. HP: 19/19 MP: 3/6
   907 | D:2      | Became a worshipper of Ashenzari the Shackled
   907 | D:2      | Reached * piety under Ashenzari
  1616 | D:3      | Found a transporter.
  1631 | D:3      | Learned a level 3 spell: Stone Arrow
  1650 | D:3      | Noticed Grinder
  1677 | D:2      | Reached XP level 4. HP: 16/24 MP: 0/7
  2237 | D:3      | Reached skill level 5 in Earth Magic
  2546 | D:3      | Found a transporter.
  2937 | D:3      | HP: 1/24 [electric eel/bolt of electricity (1)]
  3005 | D:3      | Reached XP level 5. HP: 17/28 MP: 6/9
  3390 | D:3      | Reached skill level 6 in Earth Magic
  3396 | D:3      | Reached XP level 6. HP: 22/32 MP: 2/10
  4430 | D:4      | Found a bloodstained altar of Trog.
  4538 | D:5      | Entered Level 5 of the Dungeon
  4542 | D:5      | Reached skill level 7 in Earth Magic
  4641 | D:5      | Reached XP level 7. HP: 36/36 MP: 5/12
  4710 | D:5      | Reached ** piety under Ashenzari
  4832 | D:5      | Noticed Menkaure
  4844 | D:5      | Killed Menkaure
  5027 | D:5      | Found Ugoudab's Distillery.
  5179 | D:5      | Reached skill level 8 in Earth Magic
  5574 | D:6      | Found Radoun's Armour Shoppe.
  5590 | D:6      | Reached XP level 8. HP: 34/41 MP: 4/14
  5620 | D:6      | Found a staircase to the Ecumenical Temple.
  5698 | D:6      | Found a glowing drain.
  5735 | Sewer    | Entered a sewer
  6012 | Sewer    | Reached skill level 9 in Earth Magic
  6375 | Temple   | Entered the Ecumenical Temple
  6531 | D:6      | Noticed Edmund
  6538 | D:6      | Killed Edmund
  6538 | D:6      | Reached skill level 5 in Spellcasting
  6650 | D:6      | Found Qeyqeg's Antique Weapon Shop.
  6652 | D:6      | Noticed braks's ghost (novice TrWz)
  6872 | D:6      | Found Panireclyl's Antique Armour Shop.
  6883 | D:6      | Bought a ripped robe for 125 gold pieces
  6883 | D:6      | Identified the cursed +1 robe "Rubewn" {+Blink rF+} (You bought it in a shop on level 6 of the Dungeon)
  6957 | D:6      | Bought a twisted quarterstaff for 207 gold pieces
  6957 | D:6      | Identified the +4 quarterstaff "Suoviergh" {pain, Dex+3} (You bought it in a shop on level 6 of the Dungeon)
  6968 | D:6      | Found Hariykk's Gadget Emporium.
  7025 | D:6      | Slain by braks's ghost

Vault maps used:
D:1:      grunt_arrival_crossed_arrows, minivault_24
D:2:      lemuel_round_altar, chequers_ecumenical_altar_simple_redux,
          nicolae_underground_beach
D:3:      gammafunk_steamed_eel, uniq_grinder
D:4:      lightli_temple_of_fire
D:5:      serial_shops, shop_statue, first_ration, minmay_bent, uniq_menkaure
D:6:      minmay_temple_entry_grid, serial_glass, glass_columns_a,
          glass_columns_a, serial_shops, nicolae_shop_statue_plus,
          nicolae_shop_overgrown_old_shop, nicolae_shop_trees,
          nicolae_shop_waterfront, portal_sewer_entry_e,
          hangedman_decor_growths, uniq_crazy_yiuf_cottage, uniq_edmund
Temple:   regret_index_temple_mists
Sewer:    sewer_co_15_rooms

Skill      XL: |  1  2  3  4  5  6  7  8 |
---------------+-------------------------+-----
Earth Magic    | 4 5 6 7 8 9 |  9.8
Dodging        | 2 3 4 |  4.7
Spellcasting   | 3 4 5 |  5.2
Stealth        | |  2.1
Transmutations | |  0.7

Action                   |  1- 3 |  4- 6 |  7- 9 || total
-------------------------+-------+-------+-------++-------
Melee: Unarmed           |    20 |    18 |       ||    38
       Hand axe          |       |    16 |   100 ||   116
       Quarterstaff      |       |       |     5 ||     5
 Cast: Sandblast         |    47 |    36 |    47 ||   130
       Stone Arrow       |     2 |    27 |    40 ||    69
Invok: Curse Item        |       |       |     1 ||     1
  Use: Scroll            |     5 |     4 |    11 ||    20
       Potion            |       |     3 |     3 ||     6
 Stab: Sleeping          |       |     1 |       ||     1
  Eat: Chunk             |     2 |     9 |     5 ||    16
       Ration            |       |     1 |     2 ||     3
Armor: Robe              |    10 |    10 |    16 ||    36
       Leather armour    |       |       |    31 ||    31
Dodge: Dodged            |    20 |    34 |    84 ||   138

Table legend:
 A = Spawn XP
 B = Non-spawn XP
 C = Spawn XP percentage of total XP
 D = Spawn monster count
 E = Non-spawn monster count
 F = Spawn count percentage of total count
 G = Total turns spent on level
                    A         B        C        D         E        F      G
               +---------+---------+-------+---------+---------+-------+---------
         Total |       0 |    2206 |   0.0 |       0 |     123 |   0.0 |  7025
               +---------+---------+-------+---------+---------+-------+---------
           D:1 |       0 |      30 |   0.0 |       0 |      20 |   0.0 |  1003
           D:2 |       0 |      40 |   0.0 |       0 |      17 |   0.0 |  1046
           D:3 |       0 |     276 |   0.0 |       0 |      20 |   0.0 |  1439
           D:4 |       0 |     254 |   0.0 |       0 |      10 |   0.0 |  1050
           D:5 |       0 |     509 |   0.0 |       0 |      13 |   0.0 |   996
           D:6 |       0 |     664 |   0.0 |       0 |      23 |   0.0 |   737
         Sewer |       0 |     433 |   0.0 |       0 |      20 |   0.0 |   634
               +---------+---------+-------+---------+---------+-------+---------
